 Dungeon Crawl Stone Soup version 0.30-a0-122-g2a1322497e (webtiles) character file.

Game seed: 7456640023916513200

128 Barriton the Insei (level 4, -3/36 HPs)
             Began as a Draconian Transmuter on Sept 16, 2022.
             Slain by a gnoll
             ... wielding a +0 flail
              (6 damage)
             ... on level 2 of the Dungeon.
             The game lasted 00:05:01 (2366 turns).

Barriton the Insei (Draconian Transmuter)           Turns: 2366, Time: 00:05:01

Health: -3/36      AC:  5    Str: 16    XL:     4   Next: 86%
Magic:  4/8        EV: 12    Int: 13    God:
Gold:   84         SH:  0    Dex: 12    Spells: 5/8 levels left

rFire   . . .      SeeInvis .    g - +0 falchion
rCold   . . .      Faith    .    (no shield)
rNeg    . . .      Spirit   .    (body armour unavailable)
rPois   .          Reflect  .    (helmet restricted)
rElec   .          Harm     .    (no cloak)
rCorr   .          Rampage  .    (no gloves)
Will    .....                    (no boots)
Stlth   +.........               b - amulet of regeneration
HPRegen 0.92/turn                (no ring)
MPRegen 0.11/turn                (no ring)

@: mighty, wereblooded, very slightly contaminated
A: AC +5, unfitting armour, cold-blooded, strong 1, no potion heal 1
a: no special abilities


You were on level 2 of the Dungeon.
You visited 1 branch of the dungeon, and saw 2 of its levels.

You collected 84 gold pieces.

Inventory:

Hand Weapons
 g - a +0 falchion (weapon)
Jewellery
 b - an amulet of regeneration (around neck)
Scrolls
 e - a scroll of enchant armour {unknown}
 i - 2 scrolls of identify
Potions
 a - a potion of lignification
 d - a potion of brilliance {unknown}
 f - 2 potions of heal wounds {unknown}
 h - a potion of resistance {unknown}


   Skills:
 + Level 2.1 Fighting
 * Level 2.1 Long Blades
 - Level 2.0 Dodging
 + Level 0.1 Stealth
 + Level 3.4 Unarmed Combat
 + Level 2.8 Spellcasting
 + Level 2.7 Transmutations


You had 5 spell levels left.
You knew the following spells:

 Your Spells              Type           Power      Damage    Failure   Level
a - Beastly Appendage     Tmut           18%        N/A       8%          1
b - Wereblood             Tmut           9%         N/A       12%         2

Your spell library contained the following spells:

 Spells                   Type           Power      Damage    Failure   Level
 Sting                    Tmut/Pois      20%        1d4       13%         1
 Passwall                 Tmut/Erth      4%         N/A       21%         2
 Sandblast                Erth           2%         2d4       24%         1
 Ensorcelled Hibernation  Hex/Ice        2%         N/A       34%         2
 Poisonous Vapours        Pois/Air       2%         N/A       34%         2
 Sublimation of Blood     Necr           1%         N/A       34%         2
 Spider Form              Tmut/Pois      5%         N/A       36%         3
 Stone Arrow              Conj/Erth      2%         3d7       56%         3
 Swiftness                Air            1%         N/A       56%         3
 Ice Form                 Ice/Tmut       5%         N/A       78%         4
 Olgreb's Toxic Radiance  Pois           1%         N/A       93%         4
 Summon Hydra             Summ           0%         N/A       100%        7


Dungeon Overview and Level Annotations

Branches:
Dungeon (2/15)

Altars:


Innate Abilities, Weirdness & Mutations

Your plain brown scales are hard. (AC +5)
You cannot fit into any form of body armour.
You are cold-blooded and may be slowed by cold attacks.
Your muscles are strong. (Str +4, Int/Dex -1)
Potions are less effective at restoring your health.


Message History

A gnoll comes into view. It is wielding a +0 club.
You are too injured to fight recklessly!
You slash the gnoll! Your headbutt misses the gnoll.
The gnoll is severely wounded.
The gnoll barely misses you.
You closely miss the gnoll. Your kick misses the gnoll.
Your punch misses the gnoll.
The gnoll is severely wounded.
The gnoll hits you with a +0 halberd!
* * * LOW HITPOINT WARNING * * *
You feel very mighty all of a sudden. The gnoll barely misses you.
You hit the gnoll.
You feel a bit better.
You kill the gnoll!
The gnoll hits you with a +0 club.
* * * LOW HITPOINT WARNING * * *
You closely miss the gnoll.
Your tail-slap misses the gnoll.
The gnoll barely misses you.
You slash the gnoll! You claw the gnoll.
You feel a bit better.
You kill the gnoll!
Your Long Blades skill increases to level 2!
Your horns disappear.
Your talons disappear.
A gnoll comes into view. It is wielding a +0 flail.
Casting: Wereblood (safe; 12% risk of failure)
Confirm with . or Enter, or press ? or * to list all spells.
You miscast Beastly Appendage.
You are very lightly contaminated with residual magic.
Nothing appears to happen.
Casting: Beastly Appendage (safe; 8% risk of failure)
Confirm with . or Enter, or press ? or * to list all spells.
Your blood is freshly infused with primal strength!
You slash the gnoll!
Your tail-slap misses the gnoll.
The gnoll is almost dead.
The gnoll hits you with a +0 flail!
You barely miss the gnoll.
The gnoll is almost dead.
The gnoll hits you with a +0 flail!
* * * LOW HITPOINT WARNING * * *
The gnoll hits you with a +0 flail.
You die...

######.#.#...#####.##.## ####
#.#...#.# #.....# ...#
#.#.#...# ####### ...#
#.....>.# ...# #.......#
######.......# .............#
#####..#.##..########
#..#.##..##.@g..#
#.....#..##)###.# #
#.##..#..##.# .
#.##..#..##.#################
#.##..#..##.................#
#........############..####.#
#######........................
#.......#.#.#.........#<..#....
#.#####.#.#.#.......#....(#.#.#


You could see a gnoll.

Vanquished Creatures
  3 gnolls (D:2)
  3 adders (D:2)
  3 worms (D:2)
  3 ball pythons (D:1)
  5 endoplasms (D:1)
  6 giant cockroaches
  5 goblins (D:1)
  9 hobgoblins
  4 jackals (D:1)
  2 quokkas (D:1)
  8 bats
  2 kobolds
  4 rats
57 creatures vanquished.

Notes
Turn   | Place    | Note
-------+----------+-------------------------------------------
     0 | D:1      | Barriton the Draconian Transmuter began the quest for the
                  | Orb.
     0 | D:1      | Reached XP level 1. HP: 16/16 MP: 3/3
   250 | D:1      | Reached XP level 2. HP: 23/23 MP: 3/5
   253 | D:1      | Learned a level 2 spell: Wereblood
   733 | D:1      | Reached XP level 3. HP: 24/28 MP: 4/6
  1365 | D:1      | Gained mutation: Your muscles are strong. (Str +4, Int/Dex
                  | -1) [potion of mutation]
  1365 | D:1      | Gained mutation: Potions are less effective at restoring
                  | your health. [potion of mutation]
  1767 | D:2      | Reached skill level 1 in Long Blades
  1827 | D:2      | Reached XP level 4. HP: 36/36 MP: 6/8
  2366 | D:2      | Slain by a gnoll

Illustrated notes

Levels and vault maps discovered:
D:1:      elethiomel_arrival_infinity_welcomes_careful_drivers, layout_basic,
          serial_bayou_pond_c, minmay_quantized
D:2:      minmay_wonky_spiral, layout_basic

Skill      XL: |  1  2  3  4 |
---------------+-------------+-----
Dodging        | 2 |  2.0
Long Blades    | 1 2 |  2.1
Fighting       | 2 |  2.1
Stealth        | |  0.1
Unarmed Combat | |  3.4
Spellcasting   | |  2.8
Transmutations | |  2.7

Action                   |  1- 3 |  4- 6 || total
-------------------------+-------+-------++-------
Melee: Unarmed           |    35 |       ||    35
       Kick              |    20 |     8 ||    28
       Tailslap          |    10 |     5 ||    15
       Headbutt          |    11 |     2 ||    13
       Falchion          |    58 |    49 ||   107
       Punch             |     2 |       ||     2
 Cast: Beastly Appendage |    24 |     6 ||    30
       Wereblood         |     4 |     2 ||     6
  Use: Scroll            |     3 |       ||     3
       Potion            |     1 |     1 ||     2
 Stab: Sleeping          |     1 |       ||     1
Armor: Skin              |    30 |    13 ||    43
Dodge: Dodged            |    70 |    40 ||   110

Table legend: (Time is in decaauts)
 A = Elapsed time spent in this place.
 B = Non-inter-level travel time spent in this place.
 C = Inter-level travel time spent in this place.
 D = Time resting spent in this place.
 E = Time spent auto-exploring this place.
 F = Levels seen in this place.
 G = Mean time per level.
                   A        B        C        D        E       F      G
               +--------+--------+--------+--------+--------+-----+--------+
         Total |   2393 |   2385 |      8 |      0 |   1998 |   2 | 1196.5 |
       Dungeon |   2393 |   2385 |      8 |      0 |   1998 |   2 | 1196.5 |
               +--------+--------+--------+--------+--------+-----+--------+

Top non-repeatable levels by time:
     D:1: 1399 daAuts
     D:2: 993 daAuts
